 Dungeon Crawl Stone Soup version 0.23-a0-650-ga4d50d4d25 (webtiles) character file.

4576 Chiseanne the Fighter (level 10, -12/82 HPs)
             Began as a Gnoll Wanderer on Jan 5, 2019.
             Was an Initiate of Gozag.
             Mangled by a crocodile (13 damage)
             ... on level 8 of the Dungeon.
             The game lasted 00:39:07 (8570 turns).

Chiseanne the Fighter (Gnoll Wanderer)              Turns: 8570, Time: 00:39:07

Health: -12/82     AC: 10    Str: 14    XL:     10   Next: 41%
Magic:  18/18      EV: 12    Int: 17    God:    Gozag
Gold:   174        SH:  0    Dex: 16    Spells: 19/20 levels left

rFire    . . .     SeeInvis .   s - +0 hand axe (venom)
rCold    + . .     Gourm    .   (no shield)
rNeg     . . .     Faith    .   i - +3 scale mail
rPois    .         Spirit   .   (no helmet)
rElec    .         Reflect  .   (no cloak)
rCorr    .         Harm     .   (no gloves)
MR       .....                  (no boots)
Stlth    +++.......             (no amulet)
HPRegen  0.23/turn              n - ring of stealth
MPRegen  0.16/turn              D - ring of protection from cold (curse)

@: no status effects
A: distributed training, fangs 1, strong nose
a: Potion Petition, Call Merchant, Bribe Branch, Renounce Religion


You were on level 8 of the Dungeon.
You worshipped Gozag.
Gozag was aware of your devotion.
You were not hungry.

You visited 2 branches of the dungeon, and saw 9 of its levels.

You collected 1026 gold pieces.
You spent 308 gold pieces at shops.
You paid 544 gold pieces to Gozag.

Inventory:

Hand Weapons
 a - a +3 falchion of freezing
 d - a +2 dagger of flaming
 o - a +1 rapier of venom
 r - a +3 long sword
 s - a +0 hand axe of venom (weapon)
 u - a +2 flail of venom
Missiles
 e - 32 bolts
 g - 161 arrows
 k - 47 sling bullets
 w - 4 tomahawks (quivered)
 x - 10 curare-tipped needles
 y - 14 poisoned needles
Armour
 h - a +2 robe of fire resistance
 i - a +3 scale mail (worn)
 t - a +2 robe of magic resistance
Jewellery
 n - a ring of stealth (left hand)
 D - a cursed ring of protection from cold (right hand)
 E - an uncursed ring of poison resistance {unknown}
Wands
 z - a wand of digging (7)
 C - a wand of paralysis (6)
Scrolls
 c - a scroll of magic mapping
 j - 5 scrolls of teleportation
 F - a scroll of enchant armour
 G - a scroll of identify
Potions
 b - 7 potions of flight
 l - a potion of berserk rage {unknown}
 m - a potion of magic {unknown}
 p - 3 potions of brilliance
 q - 2 potions of ambrosia
 v - a potion of lignification
 A - a potion of cancellation
 B - 3 potions of mutation {unknown}
Comestibles
 f - 13 rations


   Skills:
 + Level 8.4 Fighting
 + Level 5.1 Short Blades
 + Level 5.1 Long Blades
 + Level 5.1 Axes
 + Level 5.1 Maces & Flails
 + Level 5.1 Polearms
 + Level 5.1 Staves
 + Level 5.1 Slings
 + Level 5.1 Bows
 + Level 5.1 Crossbows
 + Level 5.1 Throwing
 + Level 5.1 Armour
 + Level 5.1 Dodging
 + Level 5.7 Stealth
 + Level 5.1 Shields
 + Level 5.1 Unarmed Combat
 + Level 5.9 Spellcasting
 + Level 5.8 Conjurations
 + Level 4.2 Hexes
 + Level 5.8 Charms
 + Level 4.2 Summonings
 + Level 4.2 Necromancy
 + Level 4.2 Translocations
 + Level 4.2 Transmutations
 + Level 4.2 Fire Magic
 + Level 4.2 Ice Magic
 + Level 4.2 Air Magic
 + Level 4.2 Earth Magic
 + Level 4.2 Poison Magic
 + Level 5.6 Invocations
 + Level 5.8 Evocations


You had 19 spell levels left.
You knew the following spells:

 Your Spells              Type           Power        Failure   Level  Hunger
a - Magic Dart            Conj           ###.         4%          1    None

Your spell library contained the following spells:

 Spells                   Type           Power        Failure   Level  Hunger
 Flame Tongue             Conj/Fire      ###..        6%          1    None
 Corona                   Hex            ###....      9%          1    None
 Throw Flame              Conj/Fire      ###...       10%         2    None
 Ensorcelled Hibernation  Hex/Ice        ###...       13%         2    None
 Conjure Flame            Conj/Fire      ###.....     19%         3    ##.....
 Dazzling Spray           Conj/Hex       ###...       19%         3    ##.....
 Mephitic Cloud           Conj/Pois/Air  ###.....     21%         3    ##.....
 Confuse                  Hex            ###.....     26%         3    ##.....
 Inner Flame              Hex/Fire       ###.....     26%         3    ##.....
 Tukima's Dance           Hex            ###.....     26%         3    ##.....
 Sticky Flame             Conj/Fire      ###.....     52%         4    ####...
 Fireball                 Conj/Fire      ###.......   86%         5    #####..


Dungeon Overview and Level Annotations

Branches:
Dungeon (8/15)             Temple (1/1) D:5
   Lair: D:8-11

Altars:
Cheibriados
Dithmenos
Fedhas
Gozag
Hepliaklqana
Kikubaaqudgha
Nemelex Xobeh
Okawaru
Sif Muna
Trog
Wu Jian
Xom
Yredelemnul
Zin
The Shining One

Shops:
D:4 =   D:8 =

Annotations:
D:4 Eustachio
D:5 Grinder


Innate Abilities, Weirdness & Mutations

Your experience applies equally to all skills.
You have very sharp teeth.
Your uncanny sense of smell can sniff out nearby items.


Message History

A yak comes into view.
You slash the bullfrog zombie!
The bullfrog zombie is almost destroyed.
You closely miss the crocodile. You hit the yak but do no damage.
The yak is poisoned.
You hit the yak but do no damage. The yak gores you!
* * * LOW HITPOINT WARNING * * *
The yak gores you!
* * * LOW HITPOINT WARNING * * *
The bullfrog zombie closely misses you. The crocodile misses you.
The yak gores you but does no damage.
You hit the bullfrog zombie.
The bullfrog zombie is almost destroyed.
You hit the yak.
The yak is poisoned.
You barely miss the yak. You hit the crocodile.
The crocodile looks as sick as possible!
The bullfrog zombie barely misses you. The yak gores you!
* * * LOW HITPOINT WARNING * * *
The crocodile bites you!
You die...
Your body crumbles into a pile of gold.

....(.##......## #.....
...........##..####......
##.......................
##........##.............
......................(♣.
##........##...).........
#........##.........♣..
#.))..........YYtYY.♣
#.#)##.###..#.#@###.....
#.#(##.# ##.#.#Z# ##...
#.#.# .# #...#.# #.
##.#.## ......# ......#
###### ..#
......##.....##...
.............##.$#
.......#.....#####
<.....##.....#


You could see 4 yaks, a crocodile and a bullfrog zombie.

Vanquished Creatures
  A two-headed ogre (D:8)
  A deep elf mage (D:8)
  A hippogriff (D:8)
  Edmund (D:6)
  Duvessa (D:7)
  2 porcupines (D:8)
  A sky beast (D:5)
  2 ice beasts (D:8)
  An eye of draining (D:8)
  4 ogres
  2 phantoms
  2 centaurs
  2 big kobolds (D:8)
  2 crocodiles (D:8)
  3 bullfrogs
  Dowan (D:7)
  A scorpion (D:4)
  5 wights
  A crimson imp (D:8)
  A centaur zombie (D:8)
  A quasit (D:5)
  3 jellies
  A bullfrog skeleton (D:7)
  3 hounds
  8 orc wizards
  An orc priest (D:7)
  6 iguanas
  9 worker ants
  A killer bee zombie (D:7)
  4 adders
  3 gnolls
  2 shadow imps
  An ooze (D:4)
  2 adder skeletons (D:6)
  3 worms
  A dart slug (D:4)
  A leopard gecko (D:7)
  20 orcs
  5 giant cockroaches
  8 goblins
  8 hobgoblins
  2 jackals (D:2)
  3 quokkas
  10 bats
  5 frilled lizards
  A jackal skeleton (D:4)
  18 kobolds
  7 rats
172 creatures vanquished.

Vanquished Creatures (others)
  2 bushes (D:8)
  5 fungi (D:8)
  23 plants (D:8)
30 creatures vanquished.

Grand Total: 202 creatures vanquished

Notes
Turn   | Place    | Note
-------+----------+-------------------------------------------
     0 | D:1      | Chiseanne the Gnoll Wanderer began the quest for the Orb.
     0 | D:1      | Chiseanne set off with the following items: a +2 spear, a
                  | +0 robe, a ration; and the following spells available to
                  | memorise: Magic Dart, Flame Tongue, Conjure Flame, Mephitic
                  | Cloud
     0 | D:1      | Reached XP level 1. HP: 23/23 MP: 4/4
     3 | D:1      | Learned a level 1 spell: Magic Dart
   183 | D:1      | Reached XP level 2. HP: 18/29 MP: 5/5
   811 | D:2      | Reached XP level 3. HP: 32/35 MP: 7/7
   948 | D:2      | Found a sparkling altar of Nemelex Xobeh.
  1211 | D:2      | Reached skill level 1 in Invocations
  1439 | D:3      | Reached skill level 1 in Short Blades
  1439 | D:3      | Reached skill level 1 in Long Blades
  1439 | D:3      | Reached skill level 1 in Axes
  1439 | D:3      | Reached skill level 1 in Maces & Flails
  1439 | D:3      | Reached skill level 1 in Polearms
  1439 | D:3      | Reached skill level 1 in Staves
  1439 | D:3      | Reached skill level 1 in Slings
  1439 | D:3      | Reached skill level 1 in Bows
  1439 | D:3      | Reached skill level 1 in Crossbows
  1439 | D:3      | Reached skill level 1 in Throwing
  1439 | D:3      | Reached skill level 1 in Armour
  1439 | D:3      | Reached skill level 1 in Dodging
  1439 | D:3      | Reached skill level 1 in Shields
  1439 | D:3      | Reached skill level 1 in Unarmed Combat
  1514 | D:3      | Reached XP level 4. HP: 41/41 MP: 8/8
  2123 | D:4      | Reached skill level 1 in Hexes
  2123 | D:4      | Reached skill level 1 in Summonings
  2123 | D:4      | Reached skill level 1 in Necromancy
  2123 | D:4      | Reached skill level 1 in Translocations
  2123 | D:4      | Reached skill level 1 in Transmutations
  2123 | D:4      | Reached skill level 1 in Fire Magic
  2123 | D:4      | Reached skill level 1 in Ice Magic
  2123 | D:4      | Reached skill level 1 in Air Magic
  2123 | D:4      | Reached skill level 1 in Earth Magic
  2123 | D:4      | Reached skill level 1 in Poison Magic
  2328 | D:4      | Noticed Eustachio
  2370 | D:4      | Reached XP level 5. HP: 10/47 MP: 9/9
  2713 | D:4      | Noticed an ogre
  2726 | D:5      | Entered Level 5 of the Dungeon
  2790 | D:5      | Reached XP level 6. HP: 37/53 MP: 10/10
  2992 | D:5      | Found a staircase to the Ecumenical Temple.
  3001 | Temple   | Entered the Ecumenical Temple
  3019 | Temple   | Became a worshipper of Gozag Ym Sagoz the Greedy
  3202 | D:5      | Noticed Edmund
  3217 | D:5      | Noticed a phantom
  3772 | D:5      | Noticed a phantom
  3797 | D:5      | Reached XP level 7. HP: 32/59 MP: 12/12
  3844 | D:5      | Reached skill level 7 in Fighting
  4153 | D:5      | Found a glowing golden altar of the Shining One.
  4357 | D:4      | Found Rovate's Jewellery Boutique.
  4645 | D:4      | Reached XP level 8. HP: 43/67 MP: 14/14
  4885 | D:5      | Noticed Grinder
  4886 | D:5      | Paralysed by Grinder for 4 turns
  5089 | D:6      | Killed Edmund
  5870 | D:6      | Found an iron altar of Okawaru.
  6005 | D:6      | Reached XP level 9. HP: 52/72 MP: 16/16
  6040 | D:6      | Reached skill level 5 in Conjurations
  6040 | D:6      | Reached skill level 5 in Charms
  6485 | D:7      | Noticed Dowan
  6486 | D:7      | Noticed Duvessa
  6499 | D:7      | Killed Dowan
  6520 | D:7      | Killed Duvessa
  6670 | D:7      | Reached skill level 5 in Spellcasting
  7221 | D:7      | Reached skill level 5 in Evocations
  7283 | D:8      | Noticed a deep elf mage
  7306 | D:8      | Killed a deep elf mage
  7306 | D:8      | Reached skill level 8 in Fighting
  7306 | D:8      | Reached skill level 5 in Stealth
  7322 | D:8      | HP: 3/74 [ice beast (13)]
  7336 | D:8      | Reached skill level 5 in Invocations
  7550 | D:8      | Noticed a two-headed ogre
  7562 | D:8      | Killed a two-headed ogre
  7562 | D:8      | Reached XP level 10. HP: 80/80 MP: 18/18
  7598 | D:8      | Reached skill level 5 in Short Blades
  7598 | D:8      | Reached skill level 5 in Long Blades
  7598 | D:8      | Reached skill level 5 in Axes
  7598 | D:8      | Reached skill level 5 in Maces & Flails
  7598 | D:8      | Reached skill level 5 in Polearms
  7598 | D:8      | Reached skill level 5 in Staves
  7598 | D:8      | Reached skill level 5 in Slings
  7598 | D:8      | Reached skill level 5 in Bows
  7598 | D:8      | Reached skill level 5 in Crossbows
  7598 | D:8      | Reached skill level 5 in Throwing
  7598 | D:8      | Reached skill level 5 in Armour
  7598 | D:8      | Reached skill level 5 in Dodging
  7598 | D:8      | Reached skill level 5 in Shields
  7598 | D:8      | Reached skill level 5 in Unarmed Combat
  7850 | D:8      | Bought a cursed ring of protection from cold for 308 gold
                  | pieces
  8570 | D:8      | HP: 1/82 [yak (7)]
  8570 | D:8      | Mangled by a crocodile

Vault maps used:
D:1:      saegor_arrival_miasma
D:2:      nemelex_xobeh_ov_fountains_minmay, first_ration, patterned_corridor
D:3:      glass_columns_a, minmay_misc_feat_more_columns,
          kennysheep_small_spiral
D:4:      minmay_evil_eye, serial_shops, nicolae_shop_stone, uniq_eustachio
D:5:      lemuel_coloured_pillars_altar, minmay_temple_entry_grid, serial_shops,
          shop_fountains, uniq_edmund, uniq_grinder
D:6:      lemuel_crystal_altar
D:7:      uniq_duvessa
D:8:      minmay_lair_entry_grove, the_bakery, trog_three_pillars_becter
Temple:   regret_index_temple_mists

Skill      XL: |  1  2  3  4  5  6  7  8  9 10 |
---------------+-------------------------------+-----
Invocations    | 1 2 3 4 5 |  5.6
Short Blades   | 1 2 3 4 5 |  5.1
Long Blades    | 1 2 3 4 5 |  5.1
Axes           | 1 2 3 4 5 |  5.1
Maces & Flails | 1 2 3 4 5 |  5.1
Polearms       | 1 2 3 4 5 |  5.1
Staves         | 1 2 3 4 5 |  5.1
Slings         | 1 2 3 4 5 |  5.1
Bows           | 1 2 3 4 5 |  5.1
Crossbows      | 1 2 3 4 5 |  5.1
Throwing       | 1 2 3 4 5 |  5.1
Armour         | 1 2 3 4 5 |  5.1
Dodging        | 1 2 3 4 5 |  5.1
Shields        | 1 2 3 4 5 |  5.1
Unarmed Combat | 1 2 3 4 5 |  5.1
Spellcasting   | 3 4 5 |  5.9
Hexes          | 1 2 3 4 |  4.2
Summonings     | 1 2 3 4 |  4.2
Necromancy     | 1 2 3 4 |  4.2
Translocations | 1 2 3 4 |  4.2
Transmutations | 1 2 3 4 |  4.2
Fire Magic     | 1 2 3 4 |  4.2
Ice Magic      | 1 2 3 4 |  4.2
Air Magic      | 1 2 3 4 |  4.2
Earth Magic    | 1 2 3 4 |  4.2
Poison Magic   | 1 2 3 4 |  4.2
Evocations     | 3 4 5 |  5.8
Conjurations   | 4 5 |  5.8
Charms         | 4 5 |  5.8
Stealth        | 3 4 5 |  5.7
Fighting       | 7 8 |  8.4

Action                   |  1- 3 |  4- 6 |  7- 9 | 10-12 || total
-------------------------+-------+-------+-------+-------++-------
Melee: Spear             |    57 |   151 |   158 |       ||   366
       Dagger            |    60 |       |    20 |    26 ||   106
       Bite              |    11 |    17 |    54 |    17 ||    99
       Punch             |       |     2 |     7 |     2 ||    11
       Hand axe          |       |       |   170 |    57 ||   227
       Falchion          |       |       |    34 |    18 ||    52
Throw: Tomahawk          |       |     5 |    38 |    17 ||    60
Invok: Potion Petition   |       |       |     1 |       ||     1
       Call Merchant     |       |       |       |     1 ||     1
Evoke: Wand              |       |       |     3 |       ||     3
  Use: Scroll            |    12 |     7 |     3 |       ||    22
       Potion            |       |     2 |     6 |       ||     8
 Stab: Sleeping          |     2 |     4 |     4 |       ||    10
       Paralysed         |       |       |     8 |       ||     8
       Distracted        |       |       |       |     1 ||     1
  Eat: Chunk             |     2 |     3 |       |       ||     5
       Ration            |       |     1 |     5 |       ||     6
Armor: Robe              |     5 |       |       |       ||     5
       Chain mail        |    24 |       |       |       ||    24
       Scale mail        |    30 |    78 |   142 |    38 ||   288
Dodge: Dodged            |    54 |    80 |   193 |    62 ||   389
       Rpst.: Falchion   |       |       |     5 |     7 ||    12

Table legend:
 A = Non-vault XP
 B = Vault XP
 C = Vault XP percentage of total XP
 D = Non-vault monster count
 E = Vault monster count
 F = Vault count percentage of total count
                 A         B        C        D         E       F
            +---------+---------+-------+---------+---------+-------
      Total |    5574 |     964 |  14.7 |     161 |      11 |   6.4
            +---------+---------+-------+---------+---------+-------
        D:1 |      26 |       0 |   0.0 |      18 |       0 |   0.0
        D:2 |      33 |       0 |   0.0 |      18 |       0 |   0.0
        D:3 |      99 |       0 |   0.0 |      23 |       0 |   0.0
        D:4 |     413 |      75 |  15.4 |       9 |       3 |  25.0
        D:5 |     666 |       0 |   0.0 |      14 |       0 |   0.0
        D:6 |     966 |     154 |  13.8 |      28 |       1 |   3.4
        D:7 |     678 |     211 |  23.7 |      26 |       2 |   7.1
        D:8 |    2693 |     524 |  16.3 |      25 |       5 |  16.7
            +---------+---------+-------+---------+---------+-------
